 Dungeon Crawl Stone Soup version 0.23.1 (webtiles) character file.

Game seed: 1899808959985917633

14 Borgoz the Sneak (level 2, 0/22 HPs)
             Began as a Ghoul Enchanter on Mar 3, 2019.
             Slain by a giant cockroach (1 damage)
             ... on level 1 of the Dungeon.
             The game lasted 00:00:53 (334 turns).

Borgoz the Sneak (Ghoul Enchanter)                   Turns: 334, Time: 00:00:54

Health: 0/22       AC:  2    Str: 11    XL:     2   Next: 45%
Magic:  3/3        EV: 12    Int: 10    God:
Gold:   16         SH:  0    Dex:  9    Spells: 3/4 levels left

rFire    + . .     SeeInvis .   a - +1 dagger
rCold    + + .     Gourm    .   (no shield)
rNeg     + + +     Faith    .   b - +0 robe
rPois    ∞         Spirit   .   (no helmet)
rElec    +         Reflect  .   (no cloak)
rCorr    +         Harm     .   (no gloves)
MR       .....                  (no boots)
Stlth    ++........             (no amulet)
HPRegen  0.00/turn              (no ring)
MPRegen  0.08/turn              (no ring)

@: resistant, rotting
A: rotting body, claws 1, carnivore, cold resistance 1, negative energy
resistance 3, inhibited regeneration, torment resistance, unbreathing
a: no special abilities


You were on level 1 of the Dungeon.
You were not hungry.

You visited 1 branch of the dungeon, and saw 1 of its levels.

You collected 16 gold pieces.

Inventory:

Hand Weapons
 a - a +1 dagger (weapon)
Armour
 b - a +0 robe (worn)
Potions
 c - a potion of resistance
Comestibles
 d - 2 rations


   Skills:
 + Level 0.3 Fighting
 * Level 1.2 Short Blades
 + Level 0.2 Armour
 * Level 2.0 Dodging
 + Level 3.4 Stealth
 + Level 1.8 Spellcasting
 + Level 2.5 Hexes


You had 3 spell levels left.
You knew the following spells:

 Your Spells              Type           Power        Failure   Level  Hunger
a - Corona                Hex            #......      12%         1    ##.....

Your spell library contained the following spells:

 Spells                   Type           Power        Failure   Level  Hunger
 Ensorcelled Hibernation  Hex/Ice        #.....       28%         2    ###....
 Confuse                  Hex            #.......     34%         3    ####...
 Tukima's Dance           Hex            #.......     34%         3    ####...
 Dazzling Spray           Conj/Hex       #.....       50%         3    ####...


Dungeon Overview and Level Annotations

Branches:
Dungeon (1/15)

Altars:


Innate Abilities, Weirdness & Mutations

Your body is rotting away.
You thrive on raw meat.
You are immune to poison.
You have sharp fingernails.
You are carnivorous and can eat meat at any time.
Your flesh is cold resistant. (rC+)
You are immune to negative energy. (rN+++)
You do not regenerate when monsters are visible.
You are immune to unholy pain and torment.
You can survive without breathing.


Message History

The jackal misses you. The jackal closely misses you. x2
You hit the jackal.
The jackal is severely wounded.
The jackal misses you. The jackal barely misses you. x2
You hit the jackal but do no damage.
The jackal is heavily wounded.
The jackal bites you.
* * * LOW HITPOINT WARNING * * *
The jackal barely misses you.
You barely miss the jackal.
The jackal is heavily wounded.
The jackal closely misses you. x2
The kobold hits you with a +0 short sword.
* * * LOW HITPOINT WARNING * * *
The jackal closely misses you.
You barely miss the jackal.
The jackal is heavily wounded.
The jackal closely misses you. The kobold barely misses you.
The jackal closely misses you. The giant cockroach bites you.
You die...

####...##÷........# #
+...''.).......#
#...##.........#
#...##.........#
#...##.........#
####...##.........###
#......##............
#.....###########....
#..h@.# #.... #..shK#
#.... #.....#
#######.... #.....#
#...[...... #.....#
#........## #......
#........# #####..
#........# ...
#........# #........#


You could see 2 jackals, a giant cockroach and a kobold.

Vanquished Creatures
  A leopard gecko (D:1)
  A giant cockroach (D:1)
  3 hobgoblins (D:1)
  2 jackals (D:1)
  A frilled lizard (D:1)
  3 goblins (D:1)
  A rat (D:1)
12 creatures vanquished.

Notes
Turn   | Place    | Note
-------+----------+-------------------------------------------
     0 | D:1      | Borgoz the Ghoul Enchanter began the quest for the Orb.
     0 | D:1      | Reached XP level 1. HP: 14/14 MP: 2/2
    29 | D:1      | Reached skill level 1 in Short Blades
   209 | D:1      | Reached XP level 2. HP: 20/20 MP: 3/3
   317 | D:1      | HP: 1/20 [jackal (1)]
   333 | D:1      | HP: 1/22 [kobold/+0 short sword (3)]
   334 | D:1      | Slain by a giant cockroach

Skill      XL: |  1 |
---------------+----+-----
Short Blades   | 1 |  1.2
Dodging        | 2 |  2.0
Fighting       | |  0.3
Armour         | |  0.2
Stealth        | |  3.4
Spellcasting   | |  1.8
Hexes          | |  2.5

Action                   || total
-------------------------++-------
Melee: Dagger            ||    63
  Use: Potion            ||     1
 Stab: Sleeping          ||     2
  Eat: Chunk             ||    12
Armor: Robe              ||    13
Dodge: Dodged            ||    66
